AoeStats
← That NZ Guy

Black Forest

508612442Analyzed
3v3 RM · 10d ago on Sep 23, 2026· 33m 0s· 6 players
Game mode
Random Map
Map size
Normal (6 player)
Population
200
Speed
Normal
Resources
Standard
Victory
Conquest
Starting age
Dark Age
Ending age
Imperial Age
RankedLock teamsTeams togetherTeam positionsShared explorationLock speedFull tech treeHidden civsTurbo modeCheats
Victory
Defeat
🇳🇿 Romans · New Zealand
892
+16
🇳🇿 Franks · New Zealand
857
+17
🇳🇿 Teutons · New Zealand
819
+19
🇳🇱 Burgundians · Netherlands
912
-18
🇩🇪 Cumans · Germany
890
-18
🇹🇷 Khmer · Türkiye
858
-16
That NZ Guy
0:46 Loom
12:07 Feudal Age
12:54 Double-Bit Axe
13:49 Wheelbarrow
18:19 Castle Age
16:28 Horse Collar
19:30 Bow Saw
21:16 Heavy Plow
22:51 Hand Cart
22:55 Gold Mining
23:08 Stone Mining
25:57 Gold Shaft Mining
27:01 Forging
28:24 Iron Casting
27:50 Scale Mail Armor
28:57 Man-at-Arms
29:38 Squires
30:36 Chain Mail Armor
29:45 Long Swordsman
IT5 A SQUATCH
0:28 Loom
14:35 Feudal Age
15:35 Double-Bit Axe
16:54 Wheelbarrow
17:42 Arson
18:46 Man-at-Arms
22:20 Gold Mining
27:07 Castle Age
26:41 Scale Mail Armor
26:57 Forging
29:20 Gambesons
31:27 Squires
32:28 Chain Mail Armor
32:05 Pikeman
33:53 Iron Casting
MuttzNChopz
1:05 Loom
13:58 Feudal Age
15:19 Man-at-Arms
22:35 Wheelbarrow
24:58 Horse Collar
26:04 Double-Bit Axe
32:25 Castle Age
Highlander
0:46 Loom
12:47 Feudal Age
15:42 Double-Bit Axe
17:03 Horse Collar
17:52 Man-at-Arms
PycHOPTER
0:44 Loom
Jeurus2
4:55 Loom
10:37 Feudal Age
11:02 Double-Bit Axe
11:02 Horse Collar
14:09 Bow Saw
17:52 Scale Barding Armor
17:59 Forging
18:16 Heavy Plow
21:37 Castle Age
23:52 Two-Man Saw
23:26 Crop Rotation
22:51 Gold Mining
22:53 Cavalier
23:35 Husbandry
28:11 Wheelbarrow
28:58 Chain Barding Armor
29:14 Iron Casting
31:02 Hand Cart
Connection lost

Rejoining the realm…

Still unreachable

The connection could not be restored.

Session expired

The server has moved on; the page needs a fresh start.